 Dungeon Crawl Stone Soup version 0.31-a0-965-g8a8ce12e04 (webtiles) character file.

Game seed: 16275729057967911926

1374 Newt the Spear-Bearer (level 8, -7/60 (62) HPs)
             Began as a Merfolk Gladiator on Oct 26, 2023.
             Mangled by a wight
             ... wielding a +7 dagger
              (10 damage)
             ... on level 6 of the Dungeon.
             The game lasted 00:06:10 (5441 turns).

Newt the Spear-Bearer (Merfolk Gladiator)           Turns: 5441, Time: 00:06:11

HP:   -7/60 (62)    AC:  5    Str: 16    XL:     8   Next: 66%
MP:   8/8           EV: 16    Int:  7    God:
Gold: 59            SH:  0    Dex: 22    Spells: 7/7 levels left

rFire   . . .        a - +0 trident
rCold   . . .        (no shield)
rNeg    . . .        d - +0 steam dragon scales
rPois   .            c - melded +1 helmet
rElec   .            (cloak currently unavailable)
rCorr   .            (gloves currently unavailable)
SInv    .            (boots currently unavailable)
Will    +....        (no amulet)
Stlth   ++           f - +6 ring of dexterity
HPRegen 0.30/turn    p - ring of willpower
MPRegen 0.11/turn

%: no passive effects
@: beast-form, lightly drained
A: beast (slay +4), (nimble swimmer 2), mertail
a: Begin Untransformation


You were on level 6 of the Dungeon.
You were a hulking beast.
You visited 1 branch of the dungeon, and saw 6 of its levels.

You collected 296 gold pieces.
You spent 237 gold pieces at shops.

Inventory:

Hand Weapons
 a - a +0 trident (weapon)
Missiles
 e - 4 javelins
Armour
 b - a +0 leather armour
 c - a +1 helmet (melded)
 d - +0 steam dragon scales (worn)
 q - the +0 chain mail of Hopscotch {Rampage *Slow rCorr Int+2}
   (You bought it in a shop on level 1 of the Dungeon)

   Int+2:     It affects your intelligence (+2).
   rCorr:     It protects you from acid and corrosion.
   *Slow:     It may slow you when you take damage.
   Rampage:   It bestows one free step when moving towards enemies.
Jewellery
 f - a +6 ring of dexterity (left hand)
 j - a ring of flight
 p - a ring of willpower (right hand)
Talismans
 t - a beast talisman (active)
Wands
 o - a wand of paralysis (12)
Scrolls
 g - a scroll of fog
 i - a scroll of amnesia
 k - 2 scrolls of torment
 s - 2 scrolls of teleportation
Potions
 l - a potion of curing
 n - 2 potions of lignification
 r - 2 potions of enlightenment {unknown}
 v - a potion of haste {unknown}


   Skills:
 - Level 5.0 Fighting
 - Level 9.6 Polearms
 - Level 2.0 Throwing
 + Level 5.5 Dodging
 - Level 7.0 Shapeshifting


You had 7 spell levels left.
You didn't know any spells.
Your spell library contained the following spells:

 Spells                   Type           Power      Damage    Failure   Level
 Apportation              Tloc           0%         N/A       43%         1
 Necrotise                Necr           0%         1d4       43%         1
 Summon Small Mammal      Summ           0%         N/A       43%         1
 Blink                    Tloc           0%         N/A       56%         2
 Cigotuvi's Dreadful Rot  Necr/Pois/Air  0%         N/A       56%         2
 Lesser Beckoning         Tloc           0%         N/A       56%         2
 Call Canine Familiar     Summ           0%         N/A       80%         3
 Gell's Gravitas          Tloc           0%         N/A       80%         3
 Ignite Poison            Fire/Tmut/Pois 0%         N/A       80%         3
 Ozocubu's Armour         Ice            0%         N/A       80%         3
 Summon Guardian Golem    Hex/Summ       0%         N/A       80%         3
 Teleport Other           Tloc           0%         N/A       80%         3
 Manifold Assault         Tloc           0%         N/A       99%         4
 Freezing Cloud           Conj/Ice/Air   0%         6-21      100%        5
 Ozocubu's Refrigeration  Ice            0%         4d7       100%        7


Dungeon Overview and Level Annotations

Branches:
Dungeon (6/15)
 Temple: D:4-7

Altars:
Kikubaaqudgha
Zin

Shops:
D:1 *


Innate Abilities, Weirdness & Mutations

You are a hulking beast.
Your limbs bulge with bestial killing power. (Slay +4)
((You are very nimble when in or above water. (Stealth+, EV+, Speed+++)))
Your lower body shifts to a powerful aquatic tail in water.


Message History

The wight misses you.
You hit the wight.
The wight is moderately damaged.
The wight barely misses you. The wight hits you with a +7 dagger!
* * * LOW HITPOINT WARNING * * *
You feel much better.
The wight hits you from afar with a +0 spear.
The wight closely misses you.
You hit the wight but do no damage.
The wight is moderately damaged.
The wight hits you from afar with a +0 spear!
The wight hits you but does no damage.
You hit the wight but do no damage.
The wight is moderately damaged.
The wight closely misses you.
You closely miss the wight.
The wight is moderately damaged.
The wight barely misses you. x2
You hit the wight.
The wight is heavily damaged.
The wight misses you.
You hit the wight but do no damage.
The wight is heavily damaged.
The wight hits you but does no damage. The wight hits you with a +7 dagger!
* * * LOW HITPOINT WARNING * * *
You barely miss the wight.
The wight is heavily damaged.
The wight barely misses you. The wight hits you with a +7 dagger!
* * * LOW HITPOINT WARNING * * *
You feel drained.
* * * LOW HITPOINT WARNING * * *
Okay, then.
As you read the scroll of fear, it crumbles to dust.
You assume a fearsome visage.
The wight is unaffected. x2
The orc wizard looks frightened!
The orc wizard casts a spell.
The orc wizard flickers and vanishes!
Deactivating autopickup; reactivate with Ctrl-A.
The wight hits you with a +7 dagger!
You die...

##..†........########
##...#####.........##
##### #######....##
###...# ##..## ##.)##
### ##..##
####.####..##
#...{.zzh.##
#)...##.###### #..
#..# # ##.## #.z.#
#...##### #.#z#...##
.# #.#......## ..#
..#.......###..#


You could see 2 wights.

Vanquished Creatures
  Pikel (D:4)
  2 steam dragons
  An ice beast (D:5)
  A lemure (D:4)
  A howler monkey (D:5)
  2 orc priests (D:6)
  4 hounds
  3 iguanas
  A sleepcap (D:5)
  An orc wizard (D:6)
  4 gnolls
  10 adders
  A shadow imp (D:5)
  A worm (D:3)
  3 dart slugs
  8 orcs
  8 bats
  7 endoplasms
  4 giant cockroaches
  6 goblins
  6 hobgoblins
  5 jackals
  8 kobolds
  2 quokkas
  6 ball pythons
  2 frilled lizards (D:2)
  2 rats
100 creatures vanquished.

Vanquished Creatures (others)
  A scorpion (D:6)
1 creature vanquished.

Grand Total: 101 creatures vanquished

Notes
Turn   | Place    | Note
-------+----------+-------------------------------------------
     0 | D:1      | Newt the Merfolk Gladiator began the quest for the Orb.
     0 | D:1      | Reached XP level 1. HP: 16/16 MP: 1/1
    90 | D:1      | Reached XP level 2. HP: 9/24 MP: 2/2
   603 | D:1      | Found Maufez's Assorted Antiques.
   611 | D:1      | Bought a scroll labelled ELANLI LYDDIJ for 19 gold pieces
   611 | D:1      | Bought a scroll labelled EDUUR YTYN for 19 gold pieces
   611 | D:1      | Bought a scroll labelled KOEGORRUAT for 19 gold pieces
   694 | D:2      | Reached XP level 3. HP: 10/30 MP: 3/3
   868 | D:2      | Found a faded altar of an unknown god.
  1074 | D:2      | Reached XP level 4. HP: 38/38 MP: 4/4
  1257 | D:2      | Reached skill level 5 in Fighting
  1451 | D:2      | Reached skill level 5 in Polearms
  1451 | D:2      | Reached XP level 5. HP: 44/44 MP: 5/5
  2637 | D:4      | Noticed a lemure
  2638 | D:4      | Noticed Pikel
  2638 | D:4      | Noticed a lemure
  2639 | D:4      | Noticed a lemure
  2640 | D:4      | Noticed a lemure
  2647 | D:4      | Killed a lemure
  2672 | D:4      | HP: 2/66 [Pikel/+1 whip of flaming (4)]
  2673 | D:4      | Killed Pikel
  2674 | D:4      | Reached skill level 9 in Polearms
  2674 | D:4      | Reached XP level 6. HP: 2/51 MP: 6/6
  2674 | D:4      | Reached XP level 7. HP: 3/56 MP: 7/7
  3100 | D:1      | Bought a faintly humming chain mail for 180 gold pieces
  3100 | D:1      | Identified the +0 chain mail of Hopscotch {Rampage *Slow
                  | rCorr Int+2} (You bought it in a shop on level 1 of the
                  | Dungeon)
  3234 | D:4      | Found a glowing silver altar of Zin.
  3961 | D:5      | Entered Level 5 of the Dungeon
  3974 | D:5      | Reached skill level 1 in Shapeshifting
  4327 | D:5      | Noticed a steam dragon
  4328 | D:5      | Noticed a steam dragon
  4361 | D:5      | Killed a steam dragon
  4362 | D:5      | Reached skill level 5 in Shapeshifting
  4362 | D:5      | Reached XP level 8. HP: 18/62 MP: 8/8
  5347 | D:6      | Found an ancient bone altar of Kikubaaqudgha.
  5389 | D:6      | Reached skill level 5 in Dodging
  5439 | D:6      | HP: 3/60 [wight/+7 dagger (3)]
  5441 | D:6      | Mangled by a wight

Illustrated notes

Levels and vault maps discovered:
D:1:      psy_arrival_dodecagon, layout_loops_cross, serial_shops, shop,
          nicolae_grassy_gnolls
D:2:      layout_loops_corners, chequers_ecumenical_altar_simple
D:3:      layout_basic, minmay_misc_feat_rows, nicolae_houndstooth_variations
D:4:      layout_loops_corners, lemuel_tele_altar, nicolae_tricolors, uniq_pikel
D:5:      kennysheep_steamy, layout_loops_ring
D:6:      layout_layer_cave, mainiacjoe_overflow_boulevard,
          minmay_temple_entry_poolview, serial_shops, nicolae_shop_mannequins,
          ebering_dispersal_statue_hall

Skill      XL: |  1  2  3  4  5  6  7  8 |
---------------+-------------------------+-----
Fighting       | 3 4 5 |  5.0
Polearms       | 5 9 |  9.6
Shapeshifting  | 5 7 |  7.0
Dodging        | 5 |  5.5
Throwing       | |  2.0

Action                     |  1- 3 |  4- 6 |  7- 9 || total
---------------------------+-------+-------+-------++-------
  Melee: Trident           |    78 |    98 |   173 ||   349
         Punch             |       |     1 |     4 ||     5
  Throw: Throwing net      |     1 |     1 |     1 ||     3
    Use: Scroll            |     4 |     6 |     4 ||    14
         Potion            |       |     1 |     3 ||     4
   Stab: Sleeping          |     2 |     4 |     2 ||     8
         Distracted        |     1 |       |       ||     1
         Held in net/web   |       |     2 |     1 ||     3
 Armour: Leather armour    |    36 |    28 |    27 ||    91
         Steam dragon scal |       |       |    46 ||    46
  Dodge: Dodged            |    45 |    32 |    88 ||   165
   Form: Beast             |       |       |     1 ||     1

Table legend: (Time is in decaauts)
 A = Elapsed time spent in this place.
 B = Non-inter-level travel time spent in this place.
 C = Inter-level travel time spent in this place.
 D = Time resting spent in this place.
 E = Time spent auto-exploring this place.
 F = Levels seen in this place.
 G = Mean time per level.
                   A        B        C        D        E       F      G
               +--------+--------+--------+--------+--------+-----+--------+
         Total |   5429 |   5173 |    256 |    716 |   3702 |   6 |  904.8 |
       Dungeon |   5429 |   5173 |    256 |    716 |   3702 |   6 |  904.8 |
               +--------+--------+--------+--------+--------+-----+--------+

Top non-repeatable levels by time:
     D:4: 1209 daAuts
     D:5: 1117 daAuts
     D:2: 1099 daAuts
     D:3: 927 daAuts
     D:1: 738 daAuts
     D:6: 338 daAuts
